| TOP OF THE 1ST |
|
St. Louis Cardinals batting - Pitching for Philadelphia Phillies : RHP Scott Bernstein
|
|
Pitching: RHP Scott Bernstein
|
|
|
Batting: RHB Nick Gentzel
|
0-0: Ball 1-0: Fly out, F4 (Popup, 13S, EV 78.1 MPH)
|
|
Batting: RHB Rick O'Reilly
|
0-0: Fly out, F3 (Line Drive, 3, EV 61.9 MPH)
|
|
Batting: SHB Antoine Roux
|
0-0: Ball 1-0: SOLO HOME RUN (Flyball, 7LD, EV 91.9 MPH), Distance : 336 ft
|
|
Batting: RHB Eric Chotkowski
|
0-0: SINGLE (Line Drive, 89S, EV 106.9 MPH)
|
|
Batting: LHB Ben Rubenacker
|
0-0: Ball 1-0: Ground out 4-3 (Groundball, 4, EV 86.9 MPH)
|
| Top of the 1st over - 1 run, 2 hits, 0 errors, 1 left on base; St. Louis 1 - Philadelphia 0 |
| BOTTOM OF THE 1ST |
|
Philadelphia Phillies batting - Pitching for St. Louis Cardinals : RHP Josh Sabatino
|
|
Pitching: RHP Josh Sabatino
|
|
|
Batting: LHB Jeff Luvisi
|
0-0: Fly out, F9 (Flyball, 9, EV 78.8 MPH)
|
|
Batting: LHB Nick Canizales
|
0-0: Ball 1-0: Fly out, F7 (Flyball, 7LS, EV 72.5 MPH)
|
|
Batting: LHB Eric Katz
|
0-0: Called Strike 0-1: SOLO HOME RUN (Flyball, 89XD, EV 108.1 MPH), Distance : 421 ft
|
|
Batting: LHB Alberto Figueroa
|
0-0: Called Strike 0-1: Ground out 4-3 (Groundball, 4, EV 83.1 MPH)
|
| Bottom of the 1st over - 1 run, 1 hit, 0 errors, 0 left on base; St. Louis 1 - Philadelphia 1 |
| TOP OF THE 2ND |
|
St. Louis Cardinals batting - Pitching for Philadelphia Phillies : RHP Scott Bernstein
|
|
Batting: RHB Cole Bittner
|
0-0: Ball 1-0: Called Strike 1-1: Fly out, F9 (Flyball, 9D, EV 105.6 MPH)
|
|
Batting: RHB Jason Gress
|
0-0: Ball 1-0: SINGLE (Flyball, 34D, EV 94.4 MPH)
|
|
Batting: RHB Pavpv Ivanushkin
|
0-0: Ball 1-0: Foul Ball, location: 2F 1-1: Ball 2-1: Foul Ball, location: 2F 2-2: Ball 3-2: TRIPLE (Line Drive, 89XD, EV 103.1 MPH) Jason Gress scores
|
|
Batting: RHB Dustin Clark
|
0-0: Called Strike 0-1: Called Strike 0-2: Ball 1-2: Strikes out swinging
|
|
Batting: RHB Nick Gentzel
|
0-0: Ball 1-0: SINGLE (Groundball, 6M, EV 100.0 MPH) Pavpv Ivanushkin scores
|
|
Batting: RHB Rick O'Reilly
|
0-0: Ball 1-0: Foul Ball, location: 2F 1-1: Ball 2-1: Foul Ball, location: 2F 2-2: Fly out, F8 (Flyball, 8LM, EV 81.9 MPH)
|
| Top of the 2nd over - 2 runs, 3 hits, 0 errors, 1 left on base; St. Louis 3 - Philadelphia 1 |
| BOTTOM OF THE 2ND |
|
Philadelphia Phillies batting - Pitching for St. Louis Cardinals : RHP Josh Sabatino
|
|
Batting: RHB Raul de la Cruz
|
0-0: Ball 1-0: Foul Ball, location: 2F 1-1: Ball 2-1: Ball 3-1: Foul Ball, location: 2F 3-2: Strikes out swinging
|
|
Batting: RHB Matt Sanders
|
0-0: Ball 1-0: Called Strike 1-1: Called Strike 1-2: Foul Ball, location: 2F 1-2: Strikes out looking
|
|
Batting: SHB Rafael Vazquez
|
0-0: Ball 1-0: Foul Ball, location: 2F 1-1: Ball 2-1: Called Strike 2-2: Ball 3-2: SINGLE (Groundball, 56, EV 108.1 MPH) (infield hit)
|
|
Batting: RHB Mitch Boyd
|
0-0: Called Strike 0-1: Called Strike 0-2: Ball 1-2: Ground out 4-3 (Groundball, 34, EV 100.6 MPH)
|
| Bottom of the 2nd over - 0 runs, 1 hit, 0 errors, 1 left on base; St. Louis 3 - Philadelphia 1 |
| TOP OF THE 3RD |
|
St. Louis Cardinals batting - Pitching for Philadelphia Phillies : RHP Scott Bernstein
|
|
Batting: SHB Antoine Roux
|
0-0: Called Strike 0-1: DOUBLE (Line Drive, 7LS, EV 115.0 MPH)
|
|
Batting: RHB Eric Chotkowski
|
0-0: Ball 1-0: 2-RUN HOME RUN (Flyball, 89XD, EV 102.5 MPH), Distance : 417 ft
|
|
Batting: LHB Ben Rubenacker
|
0-0: Called Strike 0-1: Ball 1-1: Called Strike 1-2: Reached on error, E6 (Groundball, 6, EV 96.9 MPH)
|
|
Batting: RHB Cole Bittner
|
0-0: Ball 1-0: Called Strike 1-1: Swinging Strike 1-2: Strikes out swinging
|
|
Batting: RHB Jason Gress
|
0-0: Ball 1-0: Ball 2-0: Fly out, F8 (Line Drive, 8RM, EV 106.9 MPH)
|
|
Batting: RHB Pavpv Ivanushkin
|
0-0: Ball 1-0: Foul Ball, location: 2F 1-1: Ball 2-1: Foul Ball, location: 2F 2-2: Fly out, F8 (Flyball, 8LD, EV 88.1 MPH)
|
| Top of the 3rd over - 2 runs, 2 hits, 1 error, 1 left on base; St. Louis 5 - Philadelphia 1 |
| BOTTOM OF THE 3RD |
|
Philadelphia Phillies batting - Pitching for St. Louis Cardinals : RHP Josh Sabatino
|
|
Batting: RHB Luis Arce
|
0-0: Ball 1-0: Fly out, F8 (Flyball, 8LXD, EV 96.3 MPH)
|
|
Batting: LHB Jeff Luvisi
|
0-0: Called Strike 0-1: Foul Ball, location: 2F 0-2: Foul Ball, location: 2F 0-2: Ball 1-2: Ball 2-2: Reached on error, E6 (Groundball, 6, EV 102.5 MPH)
|
|
Batting: LHB Nick Canizales
|
0-0: Ball 1-0: Ball 2-0: Called Strike 2-1: Called Strike 2-2: Foul Ball, location: 2F 2-2: Fly out, F8 (Line Drive, 8LD, EV 84.4 MPH)
|
|
Batting: LHB Eric Katz
|
0-0: Ball 1-0: Foul Ball, location: 2F 1-1: Called Strike 1-2: Ball Jeff Luvisi steals 2nd base (no throw) 2-2: Fly out, F7 (Flyball, 78XD, EV 90.6 MPH)
|
| Bottom of the 3rd over - 0 runs, 0 hits, 1 error, 1 left on base; St. Louis 5 - Philadelphia 1 |
| TOP OF THE 4TH |
|
St. Louis Cardinals batting - Pitching for Philadelphia Phillies : RHP Scott Bernstein
|
|
Batting: RHB Dustin Clark
|
0-0: Called Strike 0-1: Ball 1-1: Ground out 1-3 (Groundball, 15S, EV 70.0 MPH)
|
|
Batting: RHB Nick Gentzel
|
0-0: Ball 1-0: Foul Ball, location: 2F 1-1: Swinging Strike 1-2: Strikes out swinging
|
|
Batting: RHB Rick O'Reilly
|
0-0: Ball 1-0: Called Strike 1-1: Ball 2-1: Swinging Strike 2-2: Foul Ball, location: 2F 2-2: Ground out 6-3 (Groundball, 6, EV 99.4 MPH)
|
| Top of the 4th over - 0 runs, 0 hits, 0 errors, 0 left on base; St. Louis 5 - Philadelphia 1 |
| BOTTOM OF THE 4TH |
|
Philadelphia Phillies batting - Pitching for St. Louis Cardinals : RHP Josh Sabatino
|
|
Batting: LHB Alberto Figueroa
|
0-0: Ground out 4-3 (Groundball, 34, EV 105.0 MPH)
|
|
Batting: RHB Raul de la Cruz
|
0-0: Called Strike 0-1: Ground out 6-3 (Groundball, 6, EV 83.8 MPH)
|
|
Batting: RHB Matt Sanders
|
0-0: Foul Ball, location: 2F 0-1: Ground out 5-3 (Groundball, 56, EV 86.3 MPH)
|
| Bottom of the 4th over - 0 runs, 0 hits, 0 errors, 0 left on base; St. Louis 5 - Philadelphia 1 |
| TOP OF THE 5TH |
|
St. Louis Cardinals batting - Pitching for Philadelphia Phillies : RHP Scott Bernstein
|
|
Pitching: LHP Luis Concepcion
|
|
|
Batting: SHB Antoine Roux
|
0-0: Foul Ball, location: 2F 0-1: Swinging Strike 0-2: Strikes out swinging
|
|
Batting: RHB Eric Chotkowski
|
0-0: Ball 1-0: Called Strike 1-1: Ball 2-1: Ball 3-1: Base on Balls
|
|
Batting: LHB Ben Rubenacker
|
0-0: Ball 1-0: Ball 2-0: Swinging Strike 2-1: Foul Ball, location: 2F 2-2: Ball 3-2: Reached on error, E3 (Groundball, 34S, EV 86.9 MPH) Eric Chotkowski to second
|
|
Batting: RHB Cole Bittner
|
0-0: Ball 1-0: Fly out, F7 (Line Drive, 7, EV 96.3 MPH)
|
|
Batting: RHB Jason Gress
|
0-0: Swinging Strike 0-1: Foul Ball, location: 2F 0-2: Fly out, F8 (Flyball, 89D, EV 90.0 MPH)
|
| Top of the 5th over - 0 runs, 0 hits, 1 error, 2 left on base; St. Louis 5 - Philadelphia 1 |
| BOTTOM OF THE 5TH |
|
Philadelphia Phillies batting - Pitching for St. Louis Cardinals : RHP Josh Sabatino
|
|
Batting: SHB Rafael Vazquez
|
0-0: Ball 1-0: Called Strike 1-1: Ground out 5-3 (Groundball, 56S, EV 88.1 MPH)
|
|
Batting: RHB Mitch Boyd
|
0-0: Foul Ball, location: 2F 0-1: Fly out, F8 (Flyball, 8LD, EV 98.1 MPH)
|
|
Batting: RHB Luis Arce
|
0-0: Called Strike 0-1: Ball 1-1: Foul Ball, location: 2F 1-2: Foul Ball, location: 2F 1-2: Strikes out swinging
|
| Bottom of the 5th over - 0 runs, 0 hits, 0 errors, 0 left on base; St. Louis 5 - Philadelphia 1 |
| TOP OF THE 6TH |
|
St. Louis Cardinals batting - Pitching for Philadelphia Phillies : LHP Luis Concepcion
|
|
Batting: RHB Pavpv Ivanushkin
|
0-0: Ball 1-0: Called Strike 1-1: Ball 2-1: Swinging Strike 2-2: Strikes out looking
|
|
Batting: RHB Dustin Clark
|
0-0: Fly out, F8 (Line Drive, 8RD, EV 110.0 MPH)
|
|
Batting: RHB Nick Gentzel
|
0-0: Ball 1-0: Ball 2-0: SINGLE (Line Drive, 7LS, EV 91.3 MPH)
|
|
Batting: RHB Rick O'Reilly
|
0-0: Foul Ball, location: 2F 0-1: Called Strike 0-2: Foul Ball, location: 2F 0-2: Foul Ball, location: 2F 0-2: Ball 1-2: Ball 2-2: Ball 3-2: SINGLE (Groundball, 56S, EV 66.9 MPH) (infield hit) Nick Gentzel to second
|
|
Batting: SHB Antoine Roux
|
0-0: Ball 1-0: Ball 2-0: Ball 3-0: Called Strike 3-1: Foul Ball, location: 2F 3-2: Fly out, F8 (Line Drive, 8RD, EV 106.3 MPH)
|
| Top of the 6th over - 0 runs, 2 hits, 0 errors, 2 left on base; St. Louis 5 - Philadelphia 1 |
| BOTTOM OF THE 6TH |
|
Philadelphia Phillies batting - Pitching for St. Louis Cardinals : RHP Josh Sabatino
|
|
Batting: LHB Jeff Luvisi
|
0-0: Called Strike 0-1: Ball 1-1: SOLO HOME RUN (Flyball, 9D, EV 96.3 MPH), Distance : 370 ft
|
|
Batting: LHB Nick Canizales
|
0-0: Called Strike 0-1: Ground out 5-3 (Groundball, 5L, EV 101.9 MPH)
|
|
Batting: LHB Eric Katz
|
0-0: Called Strike 0-1: Ball 1-1: Ball 2-1: Ball 3-1: Ground out 5-3 (Groundball, 56, EV 111.3 MPH)
|
|
Batting: LHB Alberto Figueroa
|
0-0: Called Strike 0-1: Called Strike 0-2: Ball 1-2: Strikes out swinging
|
| Bottom of the 6th over - 1 run, 1 hit, 0 errors, 0 left on base; St. Louis 5 - Philadelphia 2 |
| TOP OF THE 7TH |
|
St. Louis Cardinals batting - Pitching for Philadelphia Phillies : LHP Luis Concepcion
|
|
Pitching: RHP Mike Kamm
|
|
|
Batting: RHB Eric Chotkowski
|
0-0: Called Strike 0-1: Ball 1-1: SINGLE (Groundball, 6S, EV 70.6 MPH) (infield hit)
|
|
Batting: LHB Ben Rubenacker
|
0-0: Ball 1-0: Ball 2-0: Ball 3-0: Base on Balls Eric Chotkowski to second
|
|
Batting: RHB Cole Bittner
|
0-0: Fly out, F7 (Flyball, 78D, EV 85.6 MPH) Runner from 2nd tags up, SAFE at 3rd with throw by LF
|
|
Batting: RHB Jason Gress
|
0-0: SINGLE (Groundball, 4MD, EV 98.8 MPH) Eric Chotkowski scores Ben Rubenacker to second Runner from 2nd tries for 3rd, SAFE, throw by CF made to third
|
|
Batting: RHB Pavpv Ivanushkin
|
0-0: Fielders Choice at 2nd, 1-6 (Groundball, 34S, EV 63.8 MPH)
|
|
Batting: RHB Dustin Clark
|
0-0: Ball Wild Pitch! Ben Rubenacker scores Pavpv Ivanushkin to second 1-0: Foul Ball, location: 2F 1-1: Ball 2-1: Foul Ball, location: 2F 2-2: Ball 3-2: Foul Ball, location: 2F 3-2: Strikes out swinging
|
| Top of the 7th over - 2 runs, 2 hits, 0 errors, 1 left on base; St. Louis 7 - Philadelphia 2 |
| BOTTOM OF THE 7TH |
|
Philadelphia Phillies batting - Pitching for St. Louis Cardinals : RHP Josh Sabatino
|
|
Batting: RHB Raul de la Cruz
|
0-0: Foul Ball, location: 2F 0-1: Foul Ball, location: 2F 0-2: Ball 1-2: Foul Ball, location: 2F 1-2: Ground out 5-3 (Groundball, 56S, EV 73.1 MPH)
|
|
Batting: RHB Matt Sanders
|
0-0: Swinging Strike 0-1: Ball 1-1: Foul Ball, location: 2F 1-2: Foul Ball, location: 2F 1-2: Ground out 6-3 (Groundball, 6, EV 81.9 MPH)
|
|
Pitching: RHP Andy Montelongo
|
|
|
Batting: SHB Rafael Vazquez
|
0-0: Ball 1-0: Foul Ball, location: 2F 1-1: Foul Ball, location: 2F 1-2: Foul Ball, location: 2F 1-2: DOUBLE (Flyball, 8RXD, EV 95.6 MPH)
|
|
Batting: RHB Mitch Boyd
|
0-0: Ball 1-0: Foul Ball, location: 2F 1-1: Ball 2-1: Ball 3-1: Base on Balls
|
|
Batting: RHB Luis Arce
|
0-0: Ball 1-0: Fly out, F7 (Flyball, 7LS, EV 76.9 MPH)
|
| Bottom of the 7th over - 0 runs, 1 hit, 0 errors, 2 left on base; St. Louis 7 - Philadelphia 2 |
| TOP OF THE 8TH |
|
St. Louis Cardinals batting - Pitching for Philadelphia Phillies : RHP Mike Kamm
|
|
Batting: RHB Nick Gentzel
|
0-0: Called Strike 0-1: Swinging Strike 0-2: Ball 1-2: Strikes out swinging
|
|
Batting: RHB Rick O'Reilly
|
0-0: Called Strike 0-1: Called Strike 0-2: Foul Ball, location: 2F 0-2: Ball 1-2: Fly out, F6 (Flyball, 56D, EV 75.0 MPH)
|
|
Batting: SHB Antoine Roux
|
0-0: Called Strike 0-1: Ball 1-1: Swinging Strike 1-2: Foul Ball, location: 2F 1-2: SOLO HOME RUN (Flyball, 7D, EV 100.6 MPH), Distance : 387 ft
|
|
Batting: RHB Eric Chotkowski
|
0-0: SINGLE (Flyball, 5D, EV 93.1 MPH)
|
|
Pitching: RHP Brandon Tuckson
|
|
|
Batting: LHB Ben Rubenacker
|
0-0: Fly out, F9 (Line Drive, 9D, EV 98.8 MPH)
|
| Top of the 8th over - 1 run, 2 hits, 0 errors, 1 left on base; St. Louis 8 - Philadelphia 2 |
| BOTTOM OF THE 8TH |
|
Philadelphia Phillies batting - Pitching for St. Louis Cardinals : RHP Andy Montelongo
|
|
Batting: LHB Jeff Luvisi
|
0-0: Fly out, F8 (Flyball, 89XD, EV 105.0 MPH)
|
|
Batting: LHB Nick Canizales
|
0-0: Called Strike 0-1: Ball 1-1: Ball 2-1: Ball 3-1: Ground out 4-3 (Groundball, 4, EV 87.5 MPH)
|
|
Batting: LHB Eric Katz
|
0-0: Swinging Strike 0-1: Ball 1-1: Foul Ball, location: 2F 1-2: DOUBLE (Flyball, 78D, EV 94.4 MPH)
|
|
Batting: LHB Alberto Figueroa
|
0-0: Ground out U3 (Groundball, 3, EV 101.3 MPH)
|
| Bottom of the 8th over - 0 runs, 1 hit, 0 errors, 1 left on base; St. Louis 8 - Philadelphia 2 |
| TOP OF THE 9TH |
|
St. Louis Cardinals batting - Pitching for Philadelphia Phillies : RHP Brandon Tuckson
|
|
Batting: RHB Cole Bittner
|
0-0: Ball 1-0: Called Strike 1-1: Ball 2-1: Called Strike 2-2: Strikes out swinging
|
|
Batting: RHB Jason Gress
|
0-0: Foul Ball, location: 2F 0-1: Called Strike 0-2: Strikes out swinging
|
|
Batting: RHB Pavpv Ivanushkin
|
0-0: Foul Ball, location: 2F 0-1: Foul Ball, location: 2F 0-2: SINGLE (Line Drive, 78S, EV 96.3 MPH)
|
|
Batting: RHB Dustin Clark
|
0-0: Called Strike 0-1: Swinging Strike 0-2: Ball 1-2: Ball 2-2: Foul Ball, location: 2F 2-2: Strikes out swinging
|
| Top of the 9th over - 0 runs, 1 hit, 0 errors, 1 left on base; St. Louis 8 - Philadelphia 2 |
| BOTTOM OF THE 9TH |
|
Philadelphia Phillies batting - Pitching for St. Louis Cardinals : RHP Andy Montelongo
|
|
Batting: RHB Raul de la Cruz
|
0-0: Ball 1-0: Fly out, F5 (Flyball, 5D, EV 78.8 MPH)
|
|
Batting: RHB Matt Sanders
|
0-0: Ball 1-0: Foul Ball, location: 2F 1-1: Ball 2-1: Ball 3-1: Fly out, F8 (Line Drive, 8RM, EV 100.0 MPH)
|
|
Batting: SHB Rafael Vazquez
|
0-0: Called Strike 0-1: Ball 1-1: Ball 2-1: Ground out U3 (Groundball, 34, EV 86.3 MPH)
|
| Bottom of the 9th over - 0 runs, 0 hits, 0 errors, 0 left on base; St. Louis 8 - Philadelphia 2 |
|